 Dungeon Crawl Stone Soup version 0.24-a0-201-gf205589 (console) character file.

Game seed: 3148912646068321436

1528 Voker57 the Slasher (level 8, 0/61 HPs)
             Began as a Demonspawn Gladiator on Mar 22, 2019.
             Was a Believer of Ashenzari.
             Slain by an ice beast (2 damage)
             ... on level 6 of the Dungeon.
             The game lasted 00:08:31 (5376 turns).

Voker57 the Slasher (Demonspawn Gladiator)          Turns: 5376, Time: 00:08:31

Health: 0/61       AC:  4    Str: 18    XL:     8   Next: 55%
Magic:  8/8        EV: 15    Int:  9    God:    Ashenzari [**....]
Gold:   216        SH:  0    Dex: 16    Spells: 7/7 levels left

rFire    . . .     SeeInvis .   a - +0 long sword
rCold    . . .     Gourm    .   (no shield)
rNeg     . . .     Faith    .   b - +0 leather armour
rPois    .         Spirit   .   c - +0 helmet
rElec    .         Reflect  .   (no cloak)
rCorr    .         Harm     .   (no gloves)
MR       .....                  (no boots)
Stlth    ++........             (no amulet)
HPRegen  0.20/turn              t - +2 ring of strength
MPRegen  0.11/turn              (no ring)

@: no status effects
A: hooves 1, spiny 1, sturdy frame 2
a: Curse Item, Scrying, Renounce Religion


You were on level 6 of the Dungeon.
You worshipped Ashenzari.
Ashenzari was pleased with you.
You were very hungry.

You visited 1 branch of the dungeon, and saw 6 of its levels.

You collected 216 gold pieces.

Inventory:

Hand Weapons
 a - a +0 long sword (weapon)
Armour
 b - a +0 leather armour (worn)
 c - a +0 helmet (worn)
Jewellery
 g - an uncursed amulet of rage
 h - an uncursed ring of resist corrosion
 l - an uncursed ring of flight
 r - an uncursed ring of protection from magic
 t - a +2 ring of strength (left hand)
Wands
 i - a wand of iceblast (12)
 n - a wand of acid (13)
 s - a wand of flame (17)
Scrolls
 j - 2 scrolls of identify
 k - 2 scrolls of remove curse
 u - 2 scrolls of enchant armour
Potions
 d - a potion of mutation {unknown}
 e - a potion of brilliance
 p - a potion of flight
 q - a potion of berserk rage {unknown}
 v - 4 potions of heal wounds {unknown}
Comestibles
 f - 6 rations


   Skills:
 + Level 4.9 Fighting
 + Level 7.7 Long Blades
 + Level 2.4 Throwing
 + Level 0.3 Armour
 + Level 5.0 Dodging
 + Level 2.2 Stealth


You had 7 spell levels left.
You didn't know any spells.
Your spell library contained the following spells:

 Spells                   Type           Power        Failure   Level  Hunger
 Corona                   Hex            #......      38%         1    ##.....
 Ensorcelled Hibernation  Hex/Ice        #.....       52%         2    ###....
 Confuse                  Hex            #.......     77%         3    ####...
 Dazzling Spray           Conj/Hex       #.....       77%         3    ####...
 Tukima's Dance           Hex            #.......     77%         3    ####...


Dungeon Overview and Level Annotations

Branches:
Dungeon (6/15)             Temple (0/1) D:5

Altars:
Ashenzari
Ru


Innate Abilities, Weirdness & Mutations

You have large cloven feet.
You are partially covered in sharp spines.
Your movements are less encumbered by armour. (ER -4)


Message History

You are feeling very hungry.
The centaur shouts!
The centaur wields a +0 shortbow.
The centaur shoots an arrow.
The arrow hits you!
* * * LOW HITPOINT WARNING * * *
The centaur shoots an arrow.
The arrow closely misses you.
You see here 2 arrows.
The centaur shoots an arrow.
The arrow closely misses you.
Okay, then.
You feel better.
The centaur shoots an arrow.
The arrow closely misses you. The ice beast hits you.
* * * LOW HITPOINT WARNING * * *
The ice beast freezes you!
* * * LOW HITPOINT WARNING * * *
As you read the scroll labeled PEONIA TARPH, it crumbles to dust.
This is a scroll of acquirement! [a] Weapon [b] Armour [c] Jewellery [d] Book [e] Staff [f] Evocable [g] Food [h] Gold (you have $216)
What kind of item would you like to acquire? [\] known items Something appears at your feet!
The ice beast hits you.
You die...

#.# #.....#.###...# #....))## #.#
#.#.#...###...####.###)##.
#.###.........#...#....###(##.
##.#.#.#.#................Y....
#..................#....###.##.
###..#.#####...............^.....
.......# #.....###.####.######.
###..#.# #....(# #.# #.# #.
.....#.#####.....###.####.######.
###.............@Y...............
#.########...........!..#######
#.# ............###### #....
#.#######...#.........,, .....
#...........##c####### * #.###
#.#######.. *#.# # #.# #. #.# * *
* #.# #. #.#* , #<# * *, , ### ,*
*


You could see an ice beast and a centaur.

Vanquished Creatures
  A sky beast (D:4)
  2 phantoms (D:4)
  4 ogres
  3 centaurs
  A scorpion (D:5)
  A crimson imp (D:5)
  2 orc priests (D:4)
  A gnoll shaman (D:6)
  2 orc wizards
  A bullfrog skeleton (D:6)
  3 worker ants
  12 gnolls
  12 adders
  An ooze (D:2)
  2 worms (D:5)
  4 dart slugs
  3 leopard geckos
  15 orcs
  12 bats
  3 giant cockroaches
  9 goblins
  5 hobgoblins
  6 jackals
  3 quokkas
  2 ball pythons (D:3)
  5 frilled lizards
  13 kobolds
  2 leopard gecko skeletons
  A leopard gecko zombie (D:3)
  9 rats
140 creatures vanquished.

Notes
Turn   | Place    | Note
-------+----------+-------------------------------------------
     0 | D:1      | Voker57 the Demonspawn Gladiator began the quest for the
                  | Orb.
     0 | D:1      | Reached XP level 1. HP: 16/16 MP: 1/1
   173 | D:1      | Gained mutation: Your movements are slightly less
                  | encumbered by armour. (ER -2) [demonic ancestry]
   173 | D:1      | Reached XP level 2. HP: 22/22 MP: 2/2
   226 | D:1      | Reached skill level 3 in Long Blades
   305 | D:1      | Reached XP level 3. HP: 13/27 MP: 3/3
  1252 | D:2      | Found a faded altar of an unknown god.
  1264 | D:2      | Reached XP level 4. HP: 31/34 MP: 4/4
  1271 | D:2      | Became a worshipper of Ashenzari the Shackled
  1271 | D:2      | Reached * piety under Ashenzari
  1886 | D:3      | Reached skill level 4 in Long Blades
  1949 | D:3      | Gained mutation: You are partially covered in sharp spines.
                  | [demonic ancestry]
  1949 | D:3      | Reached XP level 5. HP: 39/39 MP: 5/5
  2679 | D:3      | Gained mutation: You have large cloven feet. [demonic
                  | ancestry]
  2679 | D:3      | Reached XP level 6. HP: 46/47 MP: 6/6
  2774 | D:3      | Reached skill level 5 in Long Blades
  2872 | D:4      | Reached skill level 1 in Stealth
  3016 | D:4      | Reached XP level 7. HP: 17/52 MP: 7/7
  3384 | D:4      | Reached skill level 6 in Long Blades
  4003 | D:5      | Entered Level 5 of the Dungeon
  4533 | D:5      | Found a staircase to the Ecumenical Temple.
  4632 | D:5      | Reached ** piety under Ashenzari
  4708 | D:5      | Found a sacrificial altar of Ru.
  4770 | D:5      | Gained mutation: Your movements are less encumbered by
                  | armour. (ER -4) [demonic ancestry]
  4770 | D:5      | Reached XP level 8. HP: 53/60 MP: 8/8
  4847 | D:5      | Reached skill level 7 in Long Blades
  5333 | D:6      | Reached skill level 5 in Dodging
  5375 | D:6      | HP: 1/61 [ice beast (9)]
  5376 | D:6      | Identified a scroll of acquirement
  5376 | D:6      | Slain by an ice beast

Levels and vault maps discovered:
D:1:      minmay_arrival_four_circles, layout_basic, st_stairs_2
D:2:      layout_rooms, chequers_ecumenical_altar_simple_redux
D:3:      layout_rooms, first_ration, minmay_pentangle
D:4:      layout_basic
D:5:      wad_lake_hut, layout_loops_ring, kennysheep_mini,
          minmay_temple_entry_junction_2
D:6:      layout_basic, st_stairs_7, grunt_ministairs_9

Skill      XL: |  1  2  3  4  5  6  7  8 |
---------------+-------------------------+-----
Throwing       | 2 |  2.4
Long Blades    | 3 4 5 6 7 |  7.7
Dodging        | 3 4 5 |  5.0
Fighting       | 3 4 |  4.9
Stealth        | 1 2 |  2.2
Armour         | |  0.3

Action                   |  1- 3 |  4- 6 |  7- 9 || total
-------------------------+-------+-------+-------++-------
Melee: Long sword        |    89 |   141 |   109 ||   339
       Kick              |       |     7 |    49 ||    56
Throw: Throwing net      |     1 |     1 |     2 ||     4
Evoke: Wand              |       |       |     1 ||     1
  Use: Scroll            |       |       |     9 ||     9
       Potion            |       |       |     4 ||     4
 Stab: Sleeping          |     1 |     2 |       ||     3
       Held in net/web   |     1 |       |     2 ||     3
  Eat: Chunk             |     1 |     5 |     1 ||     7
       Ration            |       |       |     2 ||     2
Armor: Leather armour    |    39 |    36 |    24 ||    99
Dodge: Dodged            |    97 |   148 |    64 ||   309
       Rpst.: Long sword |    32 |    46 |    13 ||    91

Table legend:
 A = Non-vault XP
 B = Vault XP
 C = Vault XP percentage of total XP
 D = Non-vault monster count
 E = Vault monster count
 F = Vault count percentage of total count
                 A         B        C        D         E       F
            +---------+---------+-------+---------+---------+-------
      Total |    2168 |      16 |   0.7 |     132 |       8 |   5.7
            +---------+---------+-------+---------+---------+-------
        D:1 |      53 |       4 |   7.0 |      22 |       2 |   8.3
        D:2 |     111 |       0 |   0.0 |      26 |       0 |   0.0
        D:3 |     265 |      12 |   4.3 |      42 |       6 |  12.5
        D:4 |     796 |       0 |   0.0 |      20 |       0 |   0.0
        D:5 |     444 |       0 |   0.0 |      11 |       0 |   0.0
        D:6 |     499 |       0 |   0.0 |      11 |       0 |   0.0
            +---------+---------+-------+---------+---------+-------
